Map: Ultralove

Players

BellaChance - Winner!

  • Race: Protoss Protoss
  • Spawn Location: 1:00

SubN

  • Race: Zerg Zerg
  • League: Diamond
  • Spawn Location: 7:00

VOD

Have the link to the VOD?

Description

Time

  • Played on: July 31, 2025, 3 p.m.
  • Length: 7:19
Show
View Real Time Build Order
Export as new Build Order

BellaChance Protoss - Winner!

Build Orders: 1 Gate Expand 

Get SALT Encoding   

  12  0:00  Probe  
  13  0:12  Probe  
  14  0:18  Pylon  
  14  0:24  Probe  
  15  0:32  Probe  
  15  0:39  Gateway  
  15  0:42  Probe  
  17  0:52  Assimilator  
  17  0:53  Probe  
  18  1:05  Probe  
  19  1:17  Probe  
  20  1:25  Nexus  
  20  1:35  Cybernetics Core  
  20  1:39  Probe  
  21  1:49  Assimilator  
  21  1:52  Pylon  
  21  1:54  Probe  
  22  2:02  Stalker  
  22  2:06  Probe  
  23  2:11  Warp Gate  
  25  2:18  Probe  
  26  2:30  Shield Battery, Probe  
  26  2:35  Probe  
  27  2:41  Sentry  
  27  2:42  Probe  
  27  2:44  Probe  
  32  2:52  Probe  
  32  2:54  Probe  
  34  3:00  Twilight Council  
  34  3:04  Probe  
  35  3:06  Probe  
  36  3:16  Probe x2  
  36  3:18  Sentry  
  39  3:24  Probe  
  39  3:27  Charge  
  39  3:28  Probe  
  39  3:33  Probe  
  41  3:40  Probe  
  43  3:45  Pylon, Probe  
  44  3:52  Probe  
  44  3:54  Robotics Facility  
  45  3:57  Probe  
  46  4:04  Probe, Stalker  
  46  4:09  Probe  
  50  4:12  Gateway  
  50  4:14  Gateway  
  50  4:15  Gateway  
  50  4:16  Probe  
  51  4:21  Probe  
  52  4:28  Gateway, Probe  
  52  4:30  Gateway  
  53  4:34  Assimilator  
  53  4:35  Assimilator  
  53  4:37  Phoenix  
  54  4:38  Pylon  
  53  4:49  Pylon  
  53  4:53  Immortal  
  57  5:01  Pylon  
  57  5:06  Pylon  
  57  5:11  Probe  
  57  5:13  Probe  
  59  5:14  Stalker  
  59  5:15  Stalker x3  
  59  5:19  Immortal  
  67  5:32  Forge  
  67  5:33  Stalker x2  
  75  5:40  Stalker  
  75  5:41  Stalker  
  79  5:48  Warp Prism  
  79  5:58  Gateway  
  79  6:02  Gateway  
  81  6:16  Pylon  
  81  6:24  Observer  
  81  6:25  Stalker  
  84  6:41  Stalker x3  
  84  6:42  Stalker x2  
  94  6:47  Pylon  
  94  6:50  Pylon  
  94  7:05  Stalker  
  94  7:06  Sentry x3  
Show
View Real Time Build Order
Export as new Build Order

SubN Zerg 

Build Orders: Hatch First 

Get SALT Encoding   

  12  0:00  Drone  
  13  0:13  Overlord  
  13  0:17  Drone  
  14  0:31  Drone x2  
  16  0:47  Hatchery  
  15  0:50  Drone  
  15  0:54  Drone  
  17  0:57  Drone  
  18  1:05  Extractor  
  17  1:13  Spawning Pool  
  17  1:16  Drone  
  17  1:20  Drone  
  18  1:28  Drone  
  19  1:43  Drone  
  20  1:54  Drone  
  21  2:00  Queen  
  21  2:01  Queen  
  25  2:02  Zergling x4  
  27  2:10  Overlord  
  27  2:19  Drone  
  28  2:32  Drone x2  
  30  2:42  Queen  
  32  2:48  Hatchery  
  32  2:49  Queen  
  33  2:55  Overlord  
  33  3:03  Drone x3  
  36  3:14  Roach Warren  
  35  3:35  Drone x9  
  44  3:41  Lair  
  44  3:49  Spore Crawler  
  43  3:59  Spore Crawler  
  42  4:11  Overlord  
  42  4:12  Spore Crawler  
  41  4:23  Drone  
  42  4:25  Drone x2  
  42  4:26  Drone x2  
  42  4:28  Drone x4  
  50  4:37  Roach  
  50  4:38  Roach x3  
  58  4:41  Overlord  
  58  4:45  Overlord  
  58  4:58  Overlord x3  
  58  4:59  Overlord  
  58  5:01  Glial Reconstitution  
  58  5:03  Queen  
  58  5:06  Drone x2, Extractor  
  61  5:08  Drone x3, Extractor  
  61  5:09  Drone x3  
  66  5:36  Drone, Overlord x2  
  66  5:37  Overlord  
  67  5:43  Drone x2  
  67  5:45  Drone x3, Spire  
  67  5:46  Metabolic Boost  
  67  5:47  Extractor  
  70  5:50  Drone  
  70  5:53  Baneling Nest  
  70  5:54  Drone  
  70  5:55  Drone x10  
  81  6:11  Queen  
  81  6:12  Queen  
  86  6:18  Zergling x2  
  86  6:19  Zergling x12  
  90  6:29  Zergling x2  
  90  6:30  Zergling x14  
  98  6:34  Roach x2  
  100  6:48  Zergling x2  
  100  6:49  Zergling x10  
Tags
 
Add a new tag
Caveats
  • Supply blocks, unpowered buildings, or Contaminate may cause inaccurate times.
  • Supply counts are checked every 10 seconds.